 Dungeon Crawl Stone Soup version 0.21-a0-437-ge5bf024 (webtiles) character file.

86 slep the Chucker (level 4, 0/37 HPs)
             Began as a Minotaur Hunter on Nov 10, 2017.
             Slain by an ice beast (11 damage)
             ... on level 3 of the Dungeon.
             The game lasted 00:06:08 (1614 turns).

slep the Chucker (Minotaur Hunter)                  Turns: 1614, Time: 00:06:08

Health: 0/37       AC:  3    Str: 16    XL:     4   Next: 27%
Magic:  3/3        EV: 12    Int:  8    God:
Gold:   211        SH:  0    Dex: 12    Spells: 3/3 levels left

rFire    . . .     SeeInvis .   i - +1 dagger (venom)
rCold    . . .     Gourm    .   (no shield)
rNeg     . . .     Faith    .   b - +0 leather armour
rPois    .         Spirit   .   (helmet restricted)
rElec    .         Reflect  .   (no cloak)
rCorr    .         Harm     .   (no gloves)
MR       .....                  (no boots)
Stlth    +.........             (no amulet)
HPRegen  0.12/turn              (no ring)
MPRegen  0.08/turn              (no ring)

@: no status effects
A: retaliatory headbutt, horns 2
a: no special abilities


You were on level 3 of the Dungeon.
You were not hungry.

You visited 1 branch of the dungeon, and saw 3 of its levels.

You collected 211 gold pieces.

Inventory:

Hand Weapons
 a - a +0 short sword
 i - a +1 dagger of venom (weapon)
Missiles
 c - 6 javelins (quivered)
 d - 2 throwing nets
Armour
 b - a +0 leather armour (worn)
Scrolls
 e - 2 scrolls of remove curse {unknown}
 j - 6 scrolls of identify {unknown}
 k - 2 scrolls of magic mapping {unknown}
 n - 2 scrolls of recharging {unknown}
 q - 2 scrolls of teleportation {unknown}
 r - a scroll of fear {unknown}
 s - a scroll of enchant armour {unknown}
Potions
 g - a potion of might {unknown}
 l - 3 potions of curing {unknown}
 m - 2 potions of ambrosia {unknown}
 o - 2 potions of degeneration {unknown}
 t - a potion of magic {unknown}
 u - a potion of flight {unknown}
Comestibles
 f - 3 bread rations
 h - 3 meat rations
 p - a fruit
 v - 3 chunks of flesh


   Skills:
 + Level 2.5 Fighting
 + Level 1.3 Short Blades
 + Level 5.1 Throwing
 + Level 0.7 Armour
 + Level 2.8 Dodging
 + Level 1.0 Stealth


You had 3 spell levels left.
You didn't know any spells.

Dungeon Overview and Level Annotations

Branches:
Dungeon (3/15)

Altars:
Xom


Innate Abilities, Weirdness & Mutations

You reflexively headbutt those who attack you in melee.
You have a pair of horns on your head.


Message History

A hobgoblin comes into view. It is wielding a club.
You closely miss the kobold.
The hobgoblin shouts!
The kobold hits you but does no damage. The frilled lizard bites you.
You barely miss the kobold. Your headbutt misses the kobold.
The kobold hits you. The frilled lizard closely misses you.
You hit the kobold.
The kobold is poisoned.
You headbutt the kobold, but do no damage.
The kobold is moderately wounded.
You kill the kobold!
You miss the frilled lizard. The frilled lizard misses you.
You furiously retaliate!
You headbutt the frilled lizard!
You kill the frilled lizard!
The ice beast hits you. The ice beast freezes you!
You hit the hobgoblin.
The hobgoblin is poisoned.
The hobgoblin is severely wounded.
The ice beast hits you.
* * * LOW HITPOINT WARNING * * *
The ice beast freezes you!
You die...

#.........#
#.##†####+##
#..........#
#.##.###...#
#.##.# #...#
# # #(##.#
#...##
...#.##.##.#
#...<#
...........#
##.#.#
.......@##.#
#.#.#
##.#.#Yg##.#
.....
$.......#
##.....
#.###..#
#.#..#. ...
.... ......
.. .....
..#..# #..##
...


You could see an ice beast and a hobgoblin.

Vanquished Creatures
  An adder (D:2)
  4 adder skeletons (D:2)
  An adder zombie (D:2)
  A worm (D:2)
  2 dart slugs
  2 bat skeletons (D:2)
  3 giant cockroaches
  6 goblins
  8 hobgoblins
  2 quokkas
  A ball python (D:1)
  A ball python skeleton (D:2)
  8 bats
  5 frilled lizards
  2 giant cockroach zombies (D:2)
  A jackal skeleton (D:2)
  3 kobolds
  A leopard gecko skeleton (D:2)
  A quokka skeleton (D:2)
  A quokka zombie (D:2)
  4 rats
58 creatures vanquished.

Vanquished Creatures (others)
  7 toadstools (D:1)
7 creatures vanquished.

Grand Total: 65 creatures vanquished

Notes
Turn   | Place    | Note
-------+----------+-------------------------------------------
     0 | D:1      | slep the Minotaur Hunter began the quest for the Orb.
     0 | D:1      | Reached XP level 1. HP: 18/18 MP: 0/0
   167 | D:1      | Reached XP level 2. HP: 25/25 MP: 1/1
   253 | D:1      | Reached skill level 1 in Stealth
   731 | D:2      | Reached XP level 3. HP: 30/30 MP: 2/2
   782 | D:2      | Reached skill level 5 in Throwing
  1076 | D:2      | Reached XP level 4. HP: 37/37 MP: 3/3
  1147 | D:2      | Reached skill level 1 in Short Blades
  1293 | D:2      | Found a shimmering altar of Xom.
  1606 | D:3      | Noticed an ice beast
  1614 | D:3      | Slain by an ice beast

Vault maps used:
D:1:      nagdon_arrival_double_spiral, minivault_27
D:2:      brannock_xom_greatest_gift, serial_undead, serial_undead_a,
          serial_undead_a, serial_undead_a, serial_undead_f, serial_undead_e,
          serial_undead_f, serial_undead_e, serial_undead_a
D:3:      portal_sewer_entry_b, uniq_ijyb, uniq_jessica

Skill      XL: |  1  2  3  4 |
---------------+-------------+-----
Stealth        | 1 |  1.0
Throwing       | 5 |  5.1
Short Blades   | 1 |  1.3
Fighting       | |  2.5
Armour         | |  0.7
Dodging        | |  2.8

Action                   |  1- 3 |  4- 6 || total
-------------------------+-------+-------++-------
Melee: Short sword       |    12 |       ||    12
       Dagger            |    97 |    32 ||   129
       Headbutt          |    15 |     5 ||    20
 Stab: Sleeping          |     1 |     1 ||     2
  Eat: Chunk             |     1 |     1 ||     2
Armor: Leather armour    |    34 |     5 ||    39
Dodge: Dodged            |    60 |    21 ||    81

Table legend:
 A = Spawn XP
 B = Non-spawn XP
 C = Spawn XP percentage of total XP
 D = Spawn monster count
 E = Non-spawn monster count
 F = Spawn count percentage of total count
 G = Total turns spent on level
                    A         B        C        D         E        F      G
               +---------+---------+-------+---------+---------+-------+---------
         Total |       0 |     124 |   0.0 |       0 |      58 |   0.0 |  1614
               +---------+---------+-------+---------+---------+-------+---------
           D:1 |       0 |      32 |   0.0 |       0 |      20 |   0.0 |   660
           D:2 |       0 |      81 |   0.0 |       0 |      32 |   0.0 |   911
           D:3 |       0 |      11 |   0.0 |       0 |       6 |   0.0 |    43
               +---------+---------+-------+---------+---------+-------+---------
